 Dungeon Sprint DCSS version 0.21.0-24-g2553a33 (webtiles) character file.

7872 letownia2 the Brawler (level 11, -8/120 HPs)
             Began as a Troll Wizard on Jan 19, 2018.
             Was an Initiate of Ru.
             Mangled by an unseen horror (11 damage)
             ... in the Dungeon (Sprint I: "Red Sonja").
             The game lasted 00:07:45 (1098 turns).

letownia2 the Brawler (Troll Wizard)                Turns: 1098, Time: 00:07:46

Health: -8/120     AC:  7    Str: 16    XL:     11   Next: 2%
Magic:  10/14      EV: 11    Int: 16    God:    Ru [......]
Gold:   933        SH:  0    Dex:  6    Spells: 1/16 levels left

rFire    . . .     SeeInvis .     - Unarmed
rCold    + . .     Gourm    +   (no shield)
rNeg     . . .     Faith    .   l - +2 robe {rC+}
rPois    .         Spirit   .   b - +0 hat
rElec    .         Reflect  .   (no cloak)
rCorr    .         Harm     .   (gloves unavailable)
MR       .....     NoTele   +   (boots unavailable)
Stlth    +.........             (no amulet)
HPRegen  0.70/turn              (no ring)
MPRegen  0.14/turn              (no ring)

@: lethally poisoned (-8 -> -8)
A: large, unfitting armour, claws 3, clumsy 1, deterioration 1, fast metabolism
3, gourmand, regeneration 1, shaggy fur 1, tough skin 2, weak 1, MP-powered
wands
a: Renounce Religion


You were in the Dungeon.
You worshipped Ru.
Ru was noncommittal.
You were near starving.

You visited 1 branch You collected 1036 gold pieces.
You spent 103 gold pieces at shops.

Inventory:

Hand Weapons
 c - a +0 blowgun
Missiles
 q - 2 curare-tipped needles
Armour
 a - a +0 robe
 b - a +0 hat (worn)
 l - a +2 robe of cold resistance (worn)
Wands
 k - a wand of random effects (31)
 r - a wand of polymorph (16)
Scrolls
 j - a scroll of blinking
 m - a scroll of remove curse {unknown}
 p - a scroll of enchant armour {unknown}
 s - 2 scrolls of identify
 u - a scroll of holy word {unknown}
Potions
 e - 3 potions of curing
 f - a potion of heal wounds
 g - a potion of haste
 h - 2 potions of magic
 i - a potion of berserk rage
 n - a potion of invisibility
Books
 o - a book of Minor Magic

   Spells                             Type                      Level
   a - Magic Dart                     Conjuration                  1
   b - Blink                          Translocation                2
   c - Call Imp                       Summoning                    2
   d - Slow                           Hexes                        2
   e - Conjure Flame                  Conjuration/Fire             3
   f - Mephitic Cloud                 Conjuration/Poison/Air       3
 t - a book of Flames

   Spells                             Type                      Level
   a - Flame Tongue                   Conjuration/Fire             1
   b - Throw Flame                    Conjuration/Fire             2
   c - Conjure Flame                  Conjuration/Fire             3
   d - Inner Flame                    Hexes/Fire                   3
   e - Sticky Flame                   Conjuration/Fire             4
   f - Fireball                       Conjuration/Fire             5
Comestibles
 d - 2 rations


   Skills:
 + Level 11.0 Fighting
 - Level 6.3 Dodging
 - Level 1.0 Stealth
 * Level 18.5 Unarmed Combat
 - Level 3.1 Spellcasting
 - Level 4.3 Conjurations
 - Level 0.6 Summonings
 - Level 2.7 Translocations
 - Level 2.5 Fire Magic
 - Level 2.4 Air Magic
 - Level 2.7 Poison Magic


You had one spell level left.
You knew the following spells:

 Your Spells              Type           Power        Failure   Level  Hunger
a - Magic Dart            Conj           ###.         3%          1    None
b - Blink                 Tloc           N/A          9%          2    ##.....
c - Conjure Flame         Conj/Fire      ##......     14%         3    ###....
d - Flame Tongue          Conj/Fire      ##...        4%          1    None
e - Mephitic Cloud        Conj/Pois/Air  ##......     16%         3    ###....
i - Call Imp              Summ           #.......     22%         2    ##.....
x - Inner Flame           Hex/Fire       #.......     32%         3    ###....


Dungeon Overview and Level Annotations

Branches:
Dungeon (1/1)

Altars:
Cheibriados
Dithmenos
Elyvilon
Fedhas
Gozag
Hepliaklqana
Kikubaaqudgha
Makhleb
Nemelex Xobeh
Okawaru
Qazlal
Ru
Sif Muna
Trog
Uskayaw
Vehumet
Wu Jian
Xom
Yredelemnul
Zin
The Shining One
Jiyva
Lugonu

Shops:
D }}%[(*


Innate Abilities, Weirdness & Mutations

You are too large for most types of armour.
You have claws for hands.
Your metabolism is lightning-fast.
You like to eat raw meat.
Your natural rate of healing is unusually fast.
You are covered in fur. (AC +1)
You have very tough skin. (AC +2)
You are clumsy. (Dex -2)
Your body sometimes deteriorates upon taking damage.
You are weak. (Str -2)
You expend magic power (3 MP) to strengthen your wands.


Message History

Press: ? - help, Shift-Dir - straight line The ball explodes into a vile cloud!
The stinking cloud engulfs something.
The stinking cloud engulfs you!
You are engulfed in noxious fumes.
* * * LOW HITPOINT WARNING * * *
Something hits you but does no damage. Something hits you.
* * * LOW HITPOINT WARNING * * *
Unknown command.
Unknown command.
Unknown command.
Unknown command.
Unknown command.
You feel sick. Something completely misses you.
Unknown command.
Something hits you.
* * * LOW HITPOINT WARNING * * *
You feel sick. Something hits you.
* * * LOW HITPOINT WARNING * * *
There is an open door here.
Something hits you!
You die...

###################
..#.)'..#__#..')..#
..'..#..'^.'..#)..#
#'#####'#__####...+
..#...#.####.§#####
###..##.#§≈≈.§#§§#
__##'#_.'§§§.§§§.#
...'.§._#§§§§§#§.#
__##_.#+##§#####@###
__###'# #..[(# #.'§#
#####.####'### ###{#
...'..)')....+ #§#
####...######### #§#
.####.###.......##§#
..#.#'#.#......§§'§#
..#.....#+++######.#
..#.....# #§#


There were no monsters in sight!

Vanquished Creatures
  2 centaur warriors (D)
  Sonja (D)
  A deep troll (D)
  An oklob plant (D)
  8 shining eyes (D)
  2 kobold demonologists (D)
  A hornet (D)
  A slime creature (D)
  Sigmund (D)
  A yak (D)
  2 redbacks (D)
  5 floating eyes (D)
  An ogre (D)
  A jelly (D)
  Ijyb (D)
  4 ballistomycetes (D)
33 creatures vanquished.

Vanquished Creatures (others)
  2 ballistomycete spores (D)
2 creatures vanquished.

Grand Total: 35 creatures vanquished

Notes
Turn   | Place    | Note
-------+----------+-------------------------------------------
     0 | D        | letownia2 the Troll Wizard began the quest for the Orb.
     0 | D        | Reached XP level 1. HP: 16/16 MP: 2/2
     3 | D        | Noticed Ijyb
    10 | D        | Killed Ijyb
    10 | D        | Reached skill level 4 in Unarmed Combat
    10 | D        | Reached XP level 2. HP: 15/29 MP: 4/4
    40 | D        | Noticed an ogre
    46 | D        | Killed an ogre
    46 | D        | Reached skill level 6 in Unarmed Combat
    46 | D        | Reached XP level 3. HP: 6/36 MP: 5/5
    46 | D        | Reached XP level 4. HP: 7/44 MP: 6/6
    88 | D        | Learned a level 3 spell: Mephitic Cloud
   110 | D        | Noticed Sigmund
   117 | D        | Killed Sigmund
   117 | D        | Reached skill level 7 in Unarmed Combat
   117 | D        | Reached XP level 5. HP: 50/50 MP: 3/8
   117 | D        | Reached XP level 6. HP: 59/59 MP: 3/9
   122 | D        | Learned a level 3 spell: Conjure Flame
   125 | D        | Learned a level 2 spell: Blink
   146 | D        | Learned a level 2 spell: Call Imp
   157 | D        | Found an ornate altar of the Wu Jian Council.
   157 | D        | Found a deep blue altar of Sif Muna.
   159 | D        | Found a radiant altar of Vehumet.
   162 | D        | Reached skill level 8 in Unarmed Combat
   162 | D        | Reached skill level 1 in Translocations
   186 | D        | Found Pocil's Armour Emporium.
   186 | D        | Found an ancient bone altar of Kikubaaqudgha.
   186 | D        | Found a hazy altar of Hepliaklqana.
   186 | D        | Found a hide-covered altar of Uskayaw.
   186 | D        | Found a basalt altar of Yredelemnul.
   186 | D        | Found an opulent altar of Gozag.
   186 | D        | Found a snail-covered altar of Cheibriados.
   186 | D        | Found a sacrificial altar of Ru.
   186 | D        | Found a shadowy altar of Dithmenos.
   186 | D        | Noticed a yak
   190 | D        | Killed a yak
   190 | D        | Reached skill level 9 in Unarmed Combat
   198 | D        | Found a stormy altar of Qazlal.
   198 | D        | Found a blossoming altar of Fedhas.
   198 | D        | Found a bloodstained altar of Trog.
   198 | D        | Found an iron altar of Okawaru.
   198 | D        | Found a glowing golden altar of the Shining One.
   198 | D        | Found a glowing silver altar of Zin.
   198 | D        | Found a white marble altar of Elyvilon.
   199 | D        | Found a sparkling altar of Nemelex Xobeh.
   204 | D        | Became a worshipper of Ru the Awakened
   211 | D        | Noticed Sonja
   221 | D        | Killed Sonja
   221 | D        | Reached skill level 5 in Fighting
   221 | D        | Reached skill level 12 in Unarmed Combat
   221 | D        | Reached XP level 7. HP: 45/72 MP: 3/10
   221 | D        | Reached XP level 8. HP: 51/81 MP: 3/11
   243 | D        | Found Lieb's Gadget Boutique.
   281 | D        | Noticed a deep troll
   288 | D        | Killed a deep troll
   288 | D        | Reached skill level 13 in Unarmed Combat
   371 | D        | Noticed a shining eye
   371 | D        | Noticed a shining eye
   371 | D        | Noticed a shining eye
   373 | D        | Noticed a shining eye
   374 | D        | Paralysed by a floating eye for 4 turns
   378 | D        | Gained mutation: You are weak. (Str -2) [a shining eye]
   380 | D        | Gained mutation: You are clumsy. (Dex -2) [a shining eye]
   381 | D        | Killed a shining eye
   382 | D        | Reached XP level 9. HP: 93/93 MP: 12/12
   385 | D        | Paralysed by a floating eye for 4 turns
   393 | D        | Paralysed by a floating eye for 4 turns
   404 | D        | Paralysed by a floating eye for 2 turns
   409 | D        | Killed a shining eye
   409 | D        | Reached skill level 5 in Dodging
   409 | D        | Reached skill level 14 in Unarmed Combat
   410 | D        | Paralysed by a floating eye for 2 turns
   416 | D        | Noticed a shining eye
   418 | D        | Gained mutation: You expend magic power (3 MP) to strengthen your wands. [a shining eye]
   433 | D        | Killed a shining eye
   464 | D        | Killed a shining eye
   464 | D        | Reached skill level 15 in Unarmed Combat
   498 | D        | Killed a shining eye
   508 | D        | Noticed a shining eye
   532 | D        | Killed a shining eye
   532 | D        | Reached skill level 16 in Unarmed Combat
   532 | D        | Reached XP level 10. HP: 107/107 MP: 3/13
   542 | D        | Noticed a shining eye
   542 | D        | Noticed a shining eye
   687 | D        | Killed a shining eye
   698 | D        | Gained mutation: Your body sometimes deteriorates upon taking damage. [a shining eye]
   717 | D        | Killed a shining eye
   734 | D        | Paralysed by a floating eye for 2 turns
   745 | D        | Found Defote Cuto's Gadget Shoppe.
   745 | D        | Found Sanui's Weapon Shop.
   745 | D        | Found Oguydaez's Food Emporium.
   745 | D        | Found Meidd's General Store.
   751 | D        | Bought a ration for 55 gold pieces
   759 | D        | Bought a scroll of identify for 24 gold pieces
   764 | D        | Bought a scroll of identify for 24 gold pieces
   797 | D        | Learned a level 3 spell: Inner Flame
   799 | D        | Learned a level 1 spell: Flame Tongue
   814 | D        | Noticed a centaur warrior
   823 | D        | Killed a centaur warrior
   823 | D        | Reached skill level 10 in Fighting
   823 | D        | Reached skill level 17 in Unarmed Combat
   825 | D        | Noticed a centaur warrior
   858 | D        | Killed a centaur warrior
   895 | D        | Found a burning altar of Makhleb.
   895 | D        | Found a viscous altar of Jiyva.
   895 | D        | Found a shimmering altar of Xom.
   895 | D        | Found a corrupted altar of Lugonu.
   991 | D        | Reached skill level 18 in Unarmed Combat
   991 | D        | Paralysed by a floating eye for 2 turns
   998 | D        | Paralysed by a floating eye for 2 turns
  1027 | D        | Noticed an oklob plant
  1034 | D        | Killed an oklob plant
  1051 | D        | Reached XP level 11. HP: 101/119 MP: 10/14
  1097 | D        | HP: 2/120 [something (6)]
  1098 | D        | Mangled by an unseen horror

Skill      XL: |  1  2  3  4  5  6  7  8  9 10 11 |
---------------+----------------------------------+-----
Fighting       | 2 5 7 9 10 11 | 11.0
Unarmed Combat | 4 6 7 12 13 16 18 | 18.5
Conjurations   | 3 4 |  4.3
Spellcasting   | 3 |  3.1
Air Magic      | 2 |  2.4
Poison Magic   | 2 |  2.7
Translocations | 2 |  2.7
Fire Magic     | 2 |  2.5
Dodging        | 4 6 |  6.3
Stealth        | |  1.0
Summonings     | |  0.6

Action                   |  1- 3 |  4- 6 |  7- 9 | 10-12 || total
-------------------------+-------+-------+-------+-------++-------
Melee: Unarmed           |    12 |    12 |    40 |    48 ||   112
       Punch             |       |     1 |     4 |     4 ||     9
 Fire: Blowgun           |       |       |     3 |       ||     3
 Cast: Mephitic Cloud    |       |     3 |       |     4 ||     7
       Conjure Flame     |       |     2 |     8 |     8 ||    18
       Blink             |       |       |     1 |       ||     1
Invok: Reject Sacrifices |       |       |       |     1 ||     1
  Use: Scroll            |       |       |       |     1 ||     1
 Stab: Confused          |       |       |       |     1 ||     1
  Eat: Chunk             |     1 |       |     4 |       ||     5
       Ration            |       |       |       |     1 ||     1
Armor: Robe              |       |       |       |    12 ||    12
Dodge: Dodged            |     3 |     2 |       |     9 ||    14
